 Dungeon Crawl Stone Soup version 0.26-a0-259-g1effd001a9 (webtiles) character file.

Game seed: 2078770771252766906

8 sanka the Chiller (level 2, -2/19 HPs)
             Began as a Mummy Ice Elementalist on July 12, 2020.
             Slain by a kobold
             ... wielding a +0 dagger
              (3 damage)
             ... on level 1 of the Dungeon.
             The game lasted 00:00:49 (207 turns).

sanka the Chiller (Mummy Ice Elementalist)           Turns: 207, Time: 00:00:50

Health: -2/19      AC:  2    Str: 11    XL:     2   Next: 0%
Magic:  2/6        EV: 12    Int: 14    God:
Gold:   6          SH:  0    Dex: 12    Spells: 6/7 levels left

rFire    x . .     SeeInvis .   d - +0 short sword
rCold    + . .     Faith    .   (no shield)
rNeg     + + +     Spirit   .   a - +0 robe
rPois    ∞         Reflect  .   (no helmet)
rElec    .         Harm     .   (no cloak)
rCorr    .                      (no gloves)
MR       .....                  (no boots)
Stlth    ++........             (no amulet)
HPRegen  0.06/turn              (no ring)
MPRegen  0.10/turn              (no ring)

@: no status effects
A: no food or potions, fire vulnerability, cold resistance 1, negative energy
resistance 3, torment resistance, unbreathing
a: no special abilities


You were on level 1 of the Dungeon.
You were not hungry.

You visited 1 branch of the dungeon, and saw 1 of its levels.

You collected 6 gold pieces.


Innate Abilities, Weirdness & Mutations

You do not eat or drink.
Your flesh is vulnerable to fire.
You are immune to poison.
Your flesh is cold resistant. (rC+)
You are immune to negative energy. (rN+++)
You are immune to unholy pain and torment.
You can survive without breathing.


   Skills:
 - Level 1.5 Dodging
 - Level 1.5 Stealth
 + Level 3.1 Spellcasting
 + Level 3.4 Ice Magic


You had 6 spell levels left.
You knew the following spells:

 Your Spells              Type           Power        Failure   Level
z - Freeze                Ice            ##..         4%          1

Your spell library contained the following spells:

 Spells                   Type           Power        Failure   Level
 Frozen Ramparts          Ice            ##....       16%         3
 Ozocubu's Armour         Chrm/Ice       #.......     30%         3
 Hailstorm                Conj/Ice       #.......     71%         4
 Summon Ice Beast         Ice/Summ       #.......     71%         4

Inventory:

Hand Weapons
 b - a +0 club
 d - a +0 short sword (weapon)
Missiles
 c - 20 stones (quivered)
Armour
 a - a +0 robe (worn)

Dungeon Overview and Level Annotations

Branches:
Dungeon (1/15)

Altars:

▒▒▒▒▒▒▒▒▒▒▒▒▒▒▒▒▒
.........h.h....▒
▒.............▒.▒
▒..▒▒▒▒.▒▒▒▒▒.▒K▒▒▒▒▒▒▒▒▒▒▒▒▒
▒ ▒.▒ ▒.▒M▒...........▒▒▒▒
▒.▒ ▒.▒...............†▒ ▒..
▒.▒...▒▒▒▒.........▒ ▒h.
▒.▒...▒▒.....▒▒....> ....
...▒...▒▒.▒.▒.▒▒..▒..
Kh..................†....▒
........▒.▒.▒▒.▒.▒.▒▒..▒▒▒
......▒...............
.▒.▒▒▒▒▒▒▒▒▒...▒▒▒.▒▒▒


You could see a kobold.


Message History

The jackal is almost dead.
The jackal bites you.
* * * LOW HITPOINT WARNING * * *
The jackal bites you.
* * * LOW HITPOINT WARNING * * *
You barely miss the jackal.
The jackal is almost dead.
The jackal closely misses you.
You hit the jackal but do no damage.
The jackal is almost dead.
The jackal barely misses you. The jackal bites you.
* * * LOW HITPOINT WARNING * * *
Aiming: Freeze (safe; 5% risk of failure)
Aim: a jackal (almost dead)
You freeze the jackal.
You kill the jackal!
The jackal bites you.
* * * LOW HITPOINT WARNING * * *
Aiming: Freeze (safe; 5% risk of failure)
Aim: a jackal You freeze the jackal.
You kill the jackal!
You have reached level 2!
Aiming: Freeze (safe; 4% risk of failure)
Aim: a kobold, wielding a +0 dagger You freeze the kobold.
The kobold is moderately wounded.
The kobold hits you with a +0 dagger.
You die...

Action                   || total
-------------------------++-------
Melee: Short sword       ||    11
       Club              ||     1
 Cast: Freeze            ||     8
 Stab: Sleeping          ||     1
Armor: Robe              ||     1
Dodge: Dodged            ||     9

Levels and vault maps discovered:
D:1:      tarquinn_simple_flora_water_a, layout_loops_ring, minmay_distorted

Notes
Turn   | Place    | Note
-------+----------+-------------------------------------------
     0 | D:1      | sanka the Mummy Ice Elementalist began the quest for the
                  | Orb.
     0 | D:1      | Reached XP level 1. HP: 13/13 MP: 4/4
   199 | D:1      | Reached skill level 3 in Spellcasting
   205 | D:1      | HP: 1/13 [jackal (1)]
   206 | D:1      | Reached XP level 2. HP: 1/19 MP: 3/6
   207 | D:1      | Slain by a kobold

Vanquished Creatures
  A goblin (D:1)
  3 jackals (D:1)
  A bat (D:1)
  2 kobolds (D:1)
7 creatures vanquished.
